 Dungeon Crawl Stone Soup version 0.30-a0-782-ge64f9170bb (webtiles) character file.

Game seed: 17613131977060884672

49 112233 the Vexing (level 3, 0/19 HPs)
             Began as a Deep Elf Enchanter on Feb 27, 2023.
             Was an Initiate of Sif Muna.
             Slain by a black bear (1 damage)
             ... on level 4 of the Dungeon.
             The game lasted 00:03:21 (1745 turns).

112233 the Vexing (Deep Elf Enchanter)              Turns: 1745, Time: 00:03:22

Health: 0/19       AC:  2    Str:  5    XL:     3   Next: 51%
Magic:  10/10      EV: 13    Int: 21    God:    Sif Muna [......]
Gold:   163        SH:  0    Dex: 15    Spells: 7/9 levels left

rFire   . . .      SeeInvis .    a - +1 dagger
rCold   . . .      Faith    .    (no shield)
rNeg    . . .      Spirit   .    b - +0 robe
rPois   .          Reflect  .    (no helmet)
rElec   .          Harm     .    (no cloak)
rCorr   .          Rampage  .    (no gloves)
Will    .....                    (no boots)
Stlth   +++                      o - amulet of magic regeneration
HPRegen 0.23/turn                (no ring)
MPRegen 0.52/turn                (no ring)

@: hasted, invisible, very quick
A: no striking features
a: Renounce Religion


You were on level 4 of the Dungeon.
You worshipped Sif Muna.
Sif Muna was noncommittal.
You visited 2 branches of the dungeon, and saw 5 of its levels.

You collected 163 gold pieces.

Inventory:

Hand Weapons
 a - a +1 dagger (weapon)
 h - a +0 great sword
Armour
 b - a +0 robe (worn)
Jewellery
 o - an amulet of magic regeneration (around neck)
Scrolls
 d - a scroll of noise {unknown}
 f - 3 scrolls of blinking {unknown}
 i - 2 scrolls of poison {unknown}
 j - 2 scrolls of identify {unknown}
 k - a scroll of teleportation {unknown}
 m - 2 scrolls of enchant armour {unknown}
 n - a scroll of fear {unknown}
Potions
 e - a potion of heal wounds
 l - a potion of flight {unknown}
 p - a potion of degeneration {unknown}
 q - a potion of curing


   Skills:
 + Level 0.0 Fighting
 - Level 1.0 Short Blades
 + Level 3.1 Dodging
 - Level 4.2 Stealth
 + Level 3.8 Spellcasting
 + Level 4.6 Hexes


You had 7 spell levels left.
You knew the following spells:

 Your Spells              Type           Power      Damage    Failure   Level
a - Ensorcelled Hibernat  Hex/Ice        26%        N/A       7%          2

Your spell library contained the following spells:

 Spells                   Type           Power      Damage    Failure   Level
 Confusing Touch          Hex            23%        N/A       5%          3
 Tukima's Dance           Hex            23%        N/A       5%          3
 Dazzling Flash           Conj/Hex       26%        N/A       14%         3


Dungeon Overview and Level Annotations

Branches:
Dungeon (4/15)             Temple (1/1) D:4

Altars:
Ashenzari
Cheibriados
Dithmenos
Fedhas
Gozag
Kikubaaqudgha
Nemelex Xobeh
Qazlal
Ru
Sif Muna
Trog
Uskayaw
Wu Jian
Yredelemnul
Zin

Annotations:
D:3 2 transporters, zibby's ghost, amateur DsGl


Message History

Okay, then.
Unknown command.
You aren't carrying any items that you can evoke.
Unknown command.
You fade into invisibility!
The black bear closely misses you. x2; The black bear barely misses you.
You hit the black bear but do no damage.
The black bear is severely wounded.
Unknown command.
You hit the black bear.
The black bear is almost dead.
The black bear goes berserk!
You barely miss the black bear.
The black bear is almost dead.
The black bear bites you!
Ouch! That really hurt!
The black bear closely misses you.
The black bear claws you but does no damage.
You are too injured to fight recklessly!
Unknown command.
You are too injured to fight recklessly!
You hit the black bear but do no damage.
The black bear is almost dead.
The black bear misses you. The black bear barely misses you.
The black bear closely misses you.
You hit the black bear.
The black bear is almost dead.
The black bear misses you. The black bear barely misses you. x2
You hit the black bear.
The black bear is almost dead.
Unknown command.
You hit the black bear but do no damage.
The black bear is almost dead.
The black bear barely misses you. The black bear misses you. x2
You hit the black bear but do no damage.
The black bear is almost dead.
The black bear bites you!
* * * LOW HITPOINT WARNING * * *
The black bear claws you.
You die...

...#.....#.##.......
.#.#.##.............
.#......##.#..#....
...##.>....#..#####
##......##........#
...#.##....##.....#
##.#....##........#
......#.....#..h..#
##.##.#..##.#...@.########
.........................#
.......#...#.............#
.... ..#.. #.............#
.... . #.............#
#.............####
..##########......# ..
#......# #......#


You could see a black bear (berserk, unable to see you).

Vanquished Creatures
  2 gnolls (D:1)
  A ball python (D:4)
  2 endoplasms
  A giant cockroach (D:1)
  5 hobgoblins
  5 quokkas (D:1)
  5 bats (D:1)
  A goblin (D:1)
  2 kobolds (D:1)
  3 rats
27 creatures vanquished.

Notes
Turn   | Place    | Note
-------+----------+-------------------------------------------
     0 | D:1      | 112233 the Deep Elf Enchanter began the quest for the Orb.
     0 | D:1      | Reached XP level 1. HP: 10/10 MP: 6/6
   619 | D:1      | Reached XP level 2. HP: 15/15 MP: 8/8
   622 | D:1      | Learned a level 2 spell: Ensorcelled Hibernation
  1093 | D:1      | Reached XP level 3. HP: 19/19 MP: 7/10
  1543 | D:3      | Found a transporter.
  1543 | D:3      | Noticed zibby's ghost (amateur DsGl)
  1555 | D:3      | Found a transporter.
  1613 | D:4      | Found a staircase to the Ecumenical Temple.
  1634 | Temple   | Entered the Ecumenical Temple
  1682 | Temple   | Became a worshipper of Sif Muna the Loreminder
  1727 | D:4      | Noticed a black bear
  1745 | D:4      | Slain by a black bear

Illustrated notes

Levels and vault maps discovered:
D:1:      giann_horns, layout_loops_corners, minmay_split_cup_large
D:2:      layout_loops_cross
D:3:      layout_basic, gammafunk_ghost_arena, uniq_crazy_yiuf_cottage,
          uniq_terence
D:4:      layout_gridville, minmay_temple_entry_ruins, serial_shops,
          nicolae_square_shop, minmay_shop_mayhem, minmay_between, uniq_natasha
Temple:   compressed_dpeg_triangle_lava_temple

Skill      XL: |  1  2 |
---------------+-------+-----
Dodging        | 3 |  3.1
Stealth        | 4 |  4.2
Short Blades   | |  1.0
Spellcasting   | |  3.8
Hexes          | |  4.6

Action                     || total
---------------------------++-------
  Melee: Dagger            ||    74
         Great sword       ||     5
   Cast: Ensorcelled Hiber ||    16
    Use: Potion            ||     6
   Stab: Sleeping          ||    18
 Armour: Robe              ||    11
  Dodge: Dodged            ||    53

Table legend: (Time is in decaauts)
 A = Elapsed time spent in this place.
 B = Non-inter-level travel time spent in this place.
 C = Inter-level travel time spent in this place.
 D = Time resting spent in this place.
 E = Time spent auto-exploring this place.
 F = Levels seen in this place.
 G = Mean time per level.
                   A        B        C        D        E       F      G
               +--------+--------+--------+--------+--------+-----+--------+
         Total |   1738 |   1646 |     92 |     94 |   1163 |   5 |  347.6 |
       Dungeon |   1681 |   1598 |     83 |     94 |   1128 |   4 |  420.2 |
        Temple |     57 |     48 |      9 |      0 |     35 |   1 |   57.0 |
               +--------+--------+--------+--------+--------+-----+--------+

Top non-repeatable levels by time:
     D:1: 1096 daAuts
     D:2: 309 daAuts
     D:3: 198 daAuts
     D:4: 76 daAuts
  Temple: 57 daAuts
